AoeStats
← [KMNB] Bandeira

Lombardia

507301557Analyzed
2v2 RM · 16d ago on Sep 17, 2026· 55m 1s· 4 players
Game mode
Random Map
Map size
Medium (4 player)
Population
200
Speed
Normal
Resources
Standard
Victory
Conquest
Starting age
Dark Age
Ending age
Imperial Age
RankedLock teamsTeams togetherTeam positionsShared explorationLock speedFull tech treeHidden civsTurbo modeCheats
Victory
Defeat
🇧🇷 Magyars · Brazil
1546
+9
🇧🇷 Franks · Brazil
1497
+11
🇺🇸 Ethiopians · United States
1387
-10
🇵🇰 Huns · Pakistan
1386
-10
[KMNB] Bandeira
7:01 Loom
9:33 Feudal Age
10:05 Double-Bit Axe
15:33 Forging
22:39 Castle Age
21:08 Gold Mining
21:28 Scale Barding Armor
23:30 Husbandry
23:47 Bow Saw
24:20 Chain Barding Armor
27:34 Iron Casting
29:56 Wheelbarrow
32:53 Stone Mining
39:40 Hand Cart
42:00 Imperial Age
41:25 Light Cavalry
42:15 Cavalier
43:53 Plate Barding Armor
44:20 Blast Furnace
43:33 Fletching
44:08 Paladin
45:16 Caravan
48:55 Conscription
50:28 Pikeman
51:08 Squires
51:16 Scale Mail Armor
51:14 Halberdier
51:40 Gambesons
53:30 Chain Mail Armor
55:16 Coinage
55:28 Chivalry
Fs.Khronos
4:40 Loom
9:16 Feudal Age
17:30 Castle Age
16:13 Bloodlines
16:41 Scale Barding Armor
17:09 Horse Collar
18:06 Double-Bit Axe
21:40 Bow Saw
22:08 Husbandry
25:30 Gold Mining
27:24 Chain Barding Armor
28:18 Wheelbarrow
32:08 Town Watch
32:39 Hand Cart
32:25 Heavy Plow
40:22 Imperial Age
39:06 Gold Shaft Mining
38:22 Stone Mining
39:40 Fletching
40:12 Ballistics
40:15 Padded Archer Armor
40:44 Caravan
40:32 Cavalier
41:48 Plate Barding Armor
41:10 Bodkin Arrow
41:30 Leather Archer Armor
42:17 Chemistry
42:13 Bracer
42:24 Paladin
44:22 Thumb Ring
43:37 Elite Skirmisher
44:49 Ring Archer Armor
44:32 Masonry
44:18 Murder Holes
46:04 Coinage
54:59 Hoardings
54:44 Conscription
55:37 Banking
superzaiyen
6:48 Loom
9:18 Feudal Age
10:52 Horse Collar
16:42 Double-Bit Axe
18:05 Wheelbarrow
17:43 Fletching
21:51 Castle Age
20:45 Gold Mining
21:50 Padded Archer Armor
22:34 Bodkin Arrow
22:00 Crossbowman
23:07 Bow Saw
23:28 Heavy Plow
24:45 Thumb Ring
35:12 Imperial Age
34:10 Leather Archer Armor
34:25 Ballistics
34:12 Squires
36:20 Bracer
37:25 Chemistry
37:02 Hand Cart
37:23 Arbalester
40:36 Forging
39:49 Halberdier
40:15 Arson
41:15 Scale Mail Armor
44:45 Iron Casting
44:26 Chain Mail Armor
45:28 Masonry
45:16 Murder Holes
45:27 Torsion Engines
45:32 Town Watch
46:54 Blast Furnace
46:24 Ring Archer Armor
48:32 Conscription
49:46 Husbandry
49:07 Heavy Camel Rider
49:54 Scale Barding Armor
55:13 Caravan
Basil The Macedonian
10:08 Feudal Age
10:44 Double-Bit Axe
11:32 Loom
13:49 Horse Collar
14:52 Scale Barding Armor
19:09 Forging
18:57 Town Watch
20:04 Wheelbarrow
21:59 Bloodlines
24:25 Castle Age
24:27 Light Cavalry
25:08 Husbandry
26:16 Chain Barding Armor
26:44 Bow Saw
26:39 Heavy Plow
34:08 Hand Cart
37:12 Iron Casting
45:26 Imperial Age
46:52 Plate Barding Armor
45:38 Cavalier
45:39 Hussar
45:50 Hussar
47:31 Blast Furnace
48:01 Masonry
47:47 Murder Holes
47:39 Paladin
52:26 Caravan
54:59 Conscription
55:13 Fletching
Connection lost

Rejoining the realm…

Still unreachable

The connection could not be restored.

Session expired

The server has moved on; the page needs a fresh start.